 Dungeon Crawl Stone Soup version 0.30-b1-2-g02819fbbbe (webtiles) character file.

Game seed: 16800289125162728543

933834 Flugkiller the Sorcerer (level 27, -18/204 HPs)
             Began as a Vampire Hedge Wizard on May 16, 2023.
             Was a High Priest of Ashenzari.
             Killed by an exploding creeping inferno (25 damage)
             ... on level 2 of Gehenna.
             The game lasted 06:09:49 (41873 turns).

Flugkiller the Sorcerer (Vampire Hedge Wizard)     Turns: 41873, Time: 06:09:50

Health: -18/204    AC: 18    Str:  9    XL:     27
Magic:  49/63      EV: 27    Int: 34    God:    Ashenzari [*****.]
Gold:   5267       SH:  9    Dex: 23    Spells: 4/79 levels left

rFire   + + .        g - +7 Spriggan's Knife {stab, EV+4 Stlth+, Comp, Bglg} (curse)
rCold   + + .        H - +3 buckler "Astral Soothsayer" {rN+, Fort, Comp} (curse)
rNeg    + . .        f - +4 troll leather armour "the Ego of Ashenzari" {Regen+, Elem, Cun} (curse)
rPois   +            Y - +3 hat of Pondering {ponderous, Will+ MP+10 Int+5, Evo, Elem} (curse)
rElec   .            K - scarf of the Tethered Heavens {rC+ rF+, Comp, Bglg} (curse)
rCorr   .            A - +3 pair of gauntlets of War {Slay+5, Bglg, Elem} (curse)
SInv    +            U - +2 pair of boots of Supernal Gnosis {Elem, Cun} (curse)
Will    ++++.        r - amulet "Suspicion of Ashenzari" {RegenMP, Elem, Cun} (curse)
Stlth   +++++++++    M - ring of Toth-Mos's Legacy {rPois rF+ rC+ Dex+6 SInv, Elem, Comp} (curse)
HPRegen 1.54/turn    j - ring of the Mage {Wiz Archmagi}
MPRegen 0.78/turn

%: clarity, wizardry (x1), archmagi
@: healing quickly, studying Ranged Weapons, unable to read, slow
A: alive, fangs 3, see invisible, vampiric 2, thin skeletal structure 1,
strong-willed 1, MP-powered wands
}: 11/15 runes: serpentine, barnacled, slimy, silver, bone, abyssal, demonic,
glowing, magical, fiery, dark
a: Exsanguinate, Renounce Religion, Shatter the Chains


You were on level 2 of Gehenna.
You worshipped Ashenzari.
Ashenzari was extremely pleased with you.
You visited 13 branches of the dungeon, and saw 58 of its levels.
You visited Pandemonium 5 times, and saw 19 of its levels.
You visited the Abyss 3 times.
You visited 1 ziggurat, and saw 12 of its levels.
You also visited: Sewer, Bailey, Gauntlet, Ice Cave, Volcano and Wizlab.

You collected 7179 gold pieces.
You spent 1912 gold pieces at shops.

Inventory:

Hand Weapons
 g - the cursed +7 Spriggan's Knife (weapon) {stab, EV+4 Stlth+, Comp, Bglg}
   (You found it on level 3 of the Elven Halls)

   Stab:      It is more effective when stabbing unaware enemies, sometimes
   treating them as though they were completely helpless.
   EV:        It affects your evasion (+4).
   Stlth:     It makes you more stealthy.
   It has a curse which improves the following skills: Companions: Summonings
   and Necromancy.
   Beguiling: Conjurations, Hexes and Translocations.
 l - the +7 rapier of Responsibility {flame, rElec rF+}
   (You found it on level 5 of the Pits of Slime)

   rF:        It protects you from fire.
   rElec:     It insulates you from electricity.
Missiles
 L - 7 throwing nets (quivered)
Armour
 f - the cursed +4 troll leather armour "the Ego of Ashenzari" (worn) {Regen+, Elem, Cun}
   (You found it on level 15 of the Dungeon)

   Regen:     It increases your rate of health regeneration.
   It has a curse which improves the following skills: Elements: Fire Magic, Ice
   Magic, Air Magic and Earth Magic.
   Cunning:   Dodging and Stealth.
 A - the cursed +3 pair of gauntlets of War (worn) {Slay+5, Bglg, Elem}
   (You found it on level 2 of the Vaults)

   Slay:      It affects your accuracy & damage with ranged weapons and melee
   (+5).
   It has a curse which improves the following skills: Beguiling: Conjurations,
   Hexes and Translocations.
   Elements:  Fire Magic, Ice Magic, Air Magic and Earth Magic.
 G - the +1 robe of Vines {NoPotionHeal Regen++++}
   (You found it on level 1 of the Vaults)

   NoPotionHeal: Its wearer cannot be healed by potions.
   Regen:     It increases your rate of health regeneration.
 H - the cursed +3 buckler "Astral Soothsayer" (worn) {rN+, Fort, Comp}
   (You took it off a tengu warrior on level 3 of the Depths)

   It has a curse which improves the following skills: Fortitude: Armour and
   Shields.
   Companions: Summonings and Necromancy.
 K - the cursed scarf of the Tethered Heavens (worn) {rC+ rF+, Comp, Bglg}
   (You found it on level 2 of the Dungeon)

   It has a curse which improves the following skills: Companions: Summonings
   and Necromancy.
   Beguiling: Conjurations, Hexes and Translocations.
 U - the cursed +2 pair of boots of Supernal Gnosis (worn) {Elem, Cun}
   (You found it on level 9 of the Dungeon)

   It has a curse which improves the following skills: Elements: Fire Magic, Ice
   Magic, Air Magic and Earth Magic.
   Cunning:   Dodging and Stealth.
 Y - the cursed +3 hat of Pondering (worn) {ponderous, Will+ MP+10 Int+5, Evo, Elem}
   (You found it on level 3 of the Elven Halls)

   Int:       It affects your intelligence (+5).
   MP:        It affects your magic capacity (+10).
   Will:      It increases your willpower.
   It has a curse which improves the following skills: Evocations: Evocations.
   Elements:  Fire Magic, Ice Magic, Air Magic and Earth Magic.
Magical Staves
 m - the staff of fire "Vomearu" {rF+ SInv}
   (You found it in Pandemonium)

   [staff of fire]

   Base accuracy: +5 Base damage: 5 Base attack delay: 1.2 This weapon's minimum
   attack delay (0.6) is reached at skill level 12.
   rF:        It protects you from fire.
   SInv:      It lets you see invisible.
   It falls into the 'Staves' category.
   It is a one-handed weapon.
Jewellery
 i - the ring of Ziaxzeatt {rElec rPois rF- rN+ Str+3}
   (You found it on level 5 of the Vaults)

   [ring of poison resistance]

   Str:       It affects your strength (+3).
   rF:        It makes you vulnerable to fire.
   rElec:     It insulates you from electricity.
   rPois:     It protects you from poison.
   rN:        It protects you from negative energy.
 j - the ring of the Mage (right hand) {Wiz Archmagi}
   (You found it on level 9 of a ziggurat)

   [ring of wizardry]

   It improves your spell success rate.
   Archmagi:  It increases the power of your magical spells.
 o - the amulet of Yredelemnul's Wrath {rN+++ Will++ Regen+ Str-4}
   (You found it in Pandemonium)

   [amulet of regeneration]

   Str:       It affects your strength (-4).
   rN:        It renders you almost immune to negative energy.
   Regen:     It increases your rate of health regeneration.
   Will:      It greatly increases your willpower.
 p - a ring of protection from fire
   (You took it off a vault guard on level 5 of the Vaults)
 r - the cursed amulet "Suspicion of Ashenzari" (around neck) {RegenMP, Elem, Cun}
   (You found it on level 15 of the Dungeon)

   [amulet of magic regeneration]

   It increases your rate of magic regeneration.
   It has a curse which improves the following skills: Elements: Fire Magic, Ice
   Magic, Air Magic and Earth Magic.
   Cunning:   Dodging and Stealth.
 E - the ring "Viecauci" {rCorr Slay+3}
   (You found it on level 6 of a ziggurat)

   [ring of resist corrosion]

   Slay:      It affects your accuracy & damage with ranged weapons and melee
   (+3).
   rCorr:     It protects you from acid and corrosion.
 M - the cursed ring of Toth-Mos's Legacy (left hand) {rPois rF+ rC+ Dex+6 SInv, Elem, Comp}
   (You found it in a Gauntlet)

   [ring of dexterity]

   Dex:       It affects your dexterity (+6).
   rF:        It protects you from fire.
   rC:        It protects you from cold.
   rPois:     It protects you from poison.
   SInv:      It lets you see invisible.
   It has a curse which improves the following skills: Elements: Fire Magic, Ice
   Magic, Air Magic and Earth Magic.
   Companions: Summonings and Necromancy.
Wands
 b - a wand of charming (59)
   (You found it on level 4 of the Dungeon)
 k - a wand of iceblast (75)
   (You found it on level 4 of the Dungeon)
 v - a wand of digging (10)
   (You found it on level 4 of the Dungeon)
 x - a wand of acid (20)
   (You found it on level 14 of the Dungeon)
 N - a wand of mindburst (57)
   (You found it on level 8 of the Dungeon)
Scrolls
 a - 8 scrolls of poison
 c - 5 scrolls of enchant armour
 e - 9 scrolls of silence
 t - 16 scrolls of teleportation
 y - 3 scrolls of summoning
 z - 3 scrolls of blinking
 C - 8 scrolls of fog
 I - 10 scrolls of fear
 J - 13 scrolls of magic mapping
 O - 14 scrolls of vulnerability
 S - 5 scrolls of amnesia
 T - 7 scrolls of immolation
Potions
 d - 12 potions of might
 h - 2 potions of haste
 n - 3 potions of resistance
 q - 18 potions of curing
 s - 6 potions of magic
 w - 3 potions of heal wounds
 B - 9 potions of flight
 D - 5 potions of lignification
 F - 3 potions of ambrosia
 P - a potion of invisibility
 R - 5 potions of mutation
 V - 8 potions of brilliance
 W - 5 potions of cancellation
 X - 5 potions of attraction
Miscellaneous
 u - the horn of Geryon
   (You took it off Geryon in the Vestibule of Hell)
 Q - a phantom mirror
   (You found it on level 8 of the Dungeon)
 Z - a phial of floods
   (You found it in a Gauntlet)


   Skills:
 + Level 14.1 Fighting
 - Level 9.7 Short Blades
 + Level 11.6(15.7) Dodging
 + Level 15.3(19.4) Stealth
 - Level 3.4(5.3) Shields
 + Level 26.6 Spellcasting
 - Level 5.2(9.2) Conjurations
 - Level 16.1(20.1) Hexes
 + Level 20.5(25.2) Summonings
 - Level 18.3(23.1) Necromancy
 - Level 2.6(5.9) Translocations
 - Level 8.0 Transmutations
 - Level 19.7(26.1) Ice Magic
 - Level 12.0(14.0) Evocations


You had 4 spell levels left.
You knew the following spells:

 Your Spells              Type           Power      Damage    Failure   Level
a - Passage of Golubria   Tloc           91%        N/A       1%          4
b - Infestation           Necr           70%        N/A       1%          8
c - Discord               Hex            67%        N/A       1%          8
d - Enfeeble              Hex            67%        N/A       1%          7
e - Polar Vortex          Ice            73%        N/A       1%          9
g - Ozocubu's Refrigerat  Ice            73%        4d23      0%          7
h - Simulacrum            Ice/Necr       72%        N/A       0%          6
i - Irradiate             Conj/Tmut      51%        3d28      1%          5
j - Summon Horrible Thin  Summ           72%        N/A       1%          8
k - Passwall              Tmut/Erth      70%        N/A       1%          2
l - Dragon's Call         Summ           72%        N/A       1%          9
r - Blink                 Tloc           100%       N/A       1%          2

Your spell library contained the following spells:

 Spells                   Type           Power      Damage    Failure   Level
 Freeze                   Ice            100%       1d10      0%          1
 Kiss of Death            Conj/Necr      100%       2d13      0%          1
 Magic Dart               Conj           100%       1d8       0%          1
 Necrotise                Necr           100%       1d9       0%          1
 Slow                     Hex            100%       N/A       0%          1
 Call Imp                 Summ           100%       N/A       0%          2
 Ensorcelled Hibernation  Hex/Ice        100%       N/A       0%          2
 Sublimation of Blood     Necr           100%       N/A       0%          2
 Confusing Touch          Hex            100%       N/A       0%          3
 Frozen Ramparts          Ice            100%       1d16      0%          3
 Hailstorm                Conj/Ice       100%       3d20      0%          3
 Ozocubu's Armour         Ice            100%       N/A       0%          3
 Summon Guardian Golem    Hex/Summ       100%       N/A       0%          3
 Tukima's Dance           Hex            100%       N/A       0%          3
 Vampiric Draining        Necr           100%       2d13      0%          3
 Anguish                  Hex/Necr       69%        N/A       0%          4
 Animate Dead             Necr           100%       N/A       0%          4
 Cause Fear               Hex            67%        N/A       0%          4
 Dispel Undead            Necr           100%       3d31      0%          4
 Fulminant Prism          Conj/Hex       60%        3d26      0%          4
 Ice Form                 Ice/Tmut       100%       N/A       0%          4
 Summon Ice Beast         Ice/Summ       100%       N/A       0%          4
 Foxfire                  Conj/Fire      100%       2x1d9     1%          1
 Sandblast                Erth           100%       2d20      1%          1
 Shock                    Conj/Air       100%       1d9       1%          1
 Sting                    Tmut/Pois      100%       1d8       1%          1
 Cigotuvi's Dreadful Rot  Necr/Pois/Air  100%       N/A       1%          2
 Lesser Beckoning         Tloc           100%       N/A       1%          2
 Momentum Strike          Conj/Tloc      100%       3d10      1%          2
 Poisonous Vapours        Pois/Air       100%       N/A       1%          2
 Scorch                   Fire           100%       2d9       1%          2
 Searing Ray              Conj           100%       2d8       1%          2
 Static Discharge         Conj/Air       100%       2-7/arc   1%          2
 Gell's Gravitas          Tloc           91%        N/A       1%          3
 Inner Flame              Hex/Fire       100%       N/A       1%          3
 Mephitic Cloud           Conj/Pois/Air  80%        N/A       1%          3
 Spider Form              Tmut/Pois      83%        N/A       1%          3
 Stone Arrow              Conj/Erth      100%       3d13      1%          3
 Teleport Other           Tloc           91%        N/A       1%          3
 Vhi's Electric Charge    Tloc/Air       100%       N/A       1%          3
 Animate Armour           Summ/Erth      100%       N/A       1%          4
 Flame Wave               Conj/Fire      88%        2d19      1%          4
 Manifold Assault         Tloc           91%        N/A       1%          4
 Petrify                  Tmut/Erth      85%        N/A       1%          4
 Summon Lightning Spire   Summ/Air       100%       N/A       1%          4
 Airstrike                Air            34%        2d(5-21)  2%          4
 Olgreb's Toxic Radiance  Pois           61%        N/A       4%          4
 Metabolic Englaciation   Hex/Ice        70%        N/A       0%          5
 Summon Mana Viper        Hex/Summ       100%       N/A       0%          5
 Death Channel            Necr           70%        N/A       0%          6
 Summon Cactus Giant      Summ           72%        N/A       0%          6
 Arcjolt                  Conj/Air       44%        1d54      1%          5
 Blade Hands              Tmut           49%        N/A       1%          5
 Borgnjor's Vile Clutch   Necr/Erth      56%        N/A       1%          5
 Fireball                 Conj/Fire      44%        3d18      1%          5
 Freezing Cloud           Conj/Ice/Air   56%        6-21      1%          5
 Iskenderun's Battlesphe  Conj           100%       2d15      1%          5
 Silence                  Hex/Air        54%        N/A       1%          5
 Yara's Violent Unravell  Hex/Tmut       59%        3d22      1%          5
 Haunt                    Necr/Summ      71%        N/A       1%          7
 Malign Gateway           Summ/Tloc      61%        N/A       1%          7
 Monstrous Menagerie      Summ           72%        N/A       1%          7
 Spellforged Servitor     Conj/Summ      63%        N/A       1%          7
 Dispersal                Tloc           45%        N/A       5%          6
 Iron Shot                Conj/Erth      44%        9d9       8%          6
 Starburst                Conj/Fire      44%        6d12      8%          6
 Eringya's Noxious Bog    Tmut/Pois      41%        N/A       12%         6
 Dragon Form              Tmut           49%        N/A       12%         7
 Plasma Beam              Fire/Air       34%        2x1d51    34%         6
 Storm Form               Tmut/Air       42%        N/A       43%         7
 Disjunction              Tloc           45%        N/A       89%         8
 Lehudib's Crystal Spear  Conj/Erth      44%        10d11     95%         8
 Maxwell's Capacitive Co  Air            34%        ∞         100%        8


Dungeon Overview and Level Annotations

Branches:
Dungeon (15/15) Zot: 25671  Temple (1/1) D:5 Zot: 5915    Lair (5/5) D:11 Zot: 25684
 Shoals (4/4) Lair:2 Zot: 22553   Snake (4/4) Lair:2 Zot: 22191   Slime (5/5) Lair:4 Zot: 26474
    Orc (2/2) D:11 Zot: 10338     Elf (3/3) Orc:2 Zot: 15735  Vaults (5/5) D:13 Zot: 25341
  Crypt (0/3) Vaults:3     Depths (4/4) D:15 Zot: 20629    Hell (visited)
    Geh (2/7) Hell Zot: 26750     Tar (7/7) Hell Zot: 26750   Sewer (visited)
 Bailey (visited)           IceCv (visited)         Volcano (visited)
 WizLab (visited)         Gauntlet (visited)
    Dis: Hell:1         Coc: Hell:1         Zot: Depths:4

Altars:
Ashenzari
Cheibriados
Dithmenos
Fedhas
Gozag
Hepliaklqana
Kikubaaqudgha
Makhleb
Nemelex Xobeh
Okawaru
Qazlal
Ru
Sif Muna
Trog
Uskayaw
Vehumet
Wu Jian
Xom
Yredelemnul
Jiyva

Shops:
D:4 (   D:11 *   D:12 :   Orc:2 (*=:[   Elf:1 *!=[=   Elf:2 !   Snake:2 (
Vaults:1 (   Vaults:2 *   Vaults:3 (   Depths:3 [

Portals:
Hell: Depths:1 Depths:2 Depths:3
Abyss: Depths:4
Pandemonium: Depths:2 Depths:4

Annotations:
D:1 exclusion: downstairs
D:6 Joseph
D:7 exclusion: upstairs
Shoals:2 exclusion: merfolk javelineer
Elf:2 5 runed translucent doors
Vaults:1 Zenata
Vaults:2 8 exclusions
Geh:2 9 runed translucent doors
Tar:3 exclusion: 2 oklob plants
Tar:5 10 runed doors
Abyss:1 Sonja; sastreii's ghost, journeyman DrHu


Innate Abilities, Weirdness & Mutations

Your natural rate of healing is accelerated.
You have razor-sharp teeth.
You have supernaturally acute eyesight. (SInv)
You are afflicted with vampirism and can become a bat while bloodless.
You have a somewhat thin skeletal structure. (Dex +2, Stealth+)
You are strong-willed. (Will+)
You expend magic power (3 MP) to strengthen your wands.


Message History

The hell hog closely misses you.
The fire giant points at you and mumbles some strange words.
The fireball explodes!
The fireball engulfs you! You resist.
The fireball engulfs the hell hog.
The hell hog completely resists.
The hell hog breathes fire at you.
The fireball explodes!
The fireball engulfs you! You resist.
The fireball engulfs the hell hog.
The hell hog completely resists.
The hell hog completely misses you.
You reach down and open the door.
A hell hog comes into view.
You kill the hell hog!
The winds around you start to calm down.
You float gracefully downwards.
The hell hog breathes fire at you.
The fireball explodes!
The fireball engulfs you! You resist.
You feel your intelligence returning.
You are engulfed in whirling frost.
The fire giant falls into the lava!
The fire giant drowns.
You hear a sizzling splash.
There is an open door here.
Casting: Polar Vortex (dangerous; 1% risk of failure)
Confirm with . or Enter, or press ? or * to list all spells.
Aiming: Enfeeble (mildly dangerous; 1% risk of failure)
Press: ? - help, Shift-Dir - straight line, f - hell hog
Aim: a hell hog (will inflict weakness, chance to daze and blind: 100%)
You feel a surge of power!
The hell hog is enfeebled!
The helpless hell hog fails to defend itself.
You spit the hell hog like the proverbial pig!!!!!
You kill the hell hog!
The winds around you calm down. As you open the door, it creaks loudly!
There is an open door here.
A searing wretch comes into view.
Casting: Enfeeble (mildly dangerous; 1% risk of failure)
Confirm with . or Enter, or press ? or * to list all spells.
Aiming: Enfeeble (mildly dangerous; 1% risk of failure)
Press: ? - help, Shift-Dir - straight line, f - searing wretch
Aim: a searing wretch (will inflict weakness, chance to daze and blind: 92%)
You feel a surge of power!
The searing wretch is enfeebled!
The helpless searing wretch fails to defend itself.
You spit the searing wretch like a pig!!!!!
You destroy the searing wretch!
The sentinel's mark upon you fades away.
There is an open door here.
You open the door.
There is an open door here.
There is a broken door here.
There is a fountain of blood here.
There is an open door here.
There is an open door here.
You see here a hell hog corpse.
You see here a hell hog corpse.
There is an open door here.
There is an open door here.
There is an open door here.
Casting: Enfeeble (mildly dangerous; 1% risk of failure)
Confirm with . or Enter, or press ? or * to list all spells.
You feel a surge of power!
Casting: Summon Horrible Things (mildly dangerous; 1% risk of failure)
Confirm with . or Enter, or press ? or * to list all spells.
You feel a surge of power!
Unknown command.
You open the gate.
Your body is wracked with pain!
Your tentacled monstrosity tentacle-slaps the creeping inferno!
A raging storm of fire appears!
The creeping inferno explodes!
The great blast of fire engulfs your tentacled monstrosity!!
Your tentacled monstrosity partially resists.
The great blast of fire engulfs your large abomination!!
The great blast of fire engulfs the creeping inferno!
The creeping inferno partially resists.
A raging storm of fire appears!
The great blast of fire engulfs the creeping inferno!!
The creeping inferno partially resists.
A raging storm of fire appears!
The great blast of fire engulfs your large abomination!!
The great blast of fire engulfs your tentacled monstrosity!!
Your tentacled monstrosity partially resists.
The great blast of fire engulfs the creeping inferno!
The creeping inferno partially resists.
A raging storm of fire appears!
The great blast of fire engulfs you!! You partially resist.
The great blast of fire engulfs the lurking horror!!!
Your body is wracked with pain!
* * * LOW HITPOINT WARNING * * *
The creeping inferno explodes!
The great blast of fire engulfs the creeping inferno!
The creeping inferno partially resists.
A raging storm of fire appears!
The great blast of fire engulfs the lurking horror!!
Your body is wracked with pain!
* * * LOW HITPOINT WARNING * * *
The great blast of fire engulfs the creeping inferno!
The creeping inferno partially resists.
A raging storm of fire appears!
The creeping inferno explodes! x3
The great blast of fire engulfs your large abomination!!
The great blast of fire engulfs you!! You partially resist.
* * * LOW HITPOINT WARNING * * *
The great blast of fire engulfs your tentacled monstrosity!!
Your tentacled monstrosity partially resists.
The great blast of fire engulfs your large abomination!!
The creeping inferno explodes!
The great blast of fire engulfs you!! You partially resist.
You die...

...####..## ##...†.....≈#
#....##'## #..........≈#
##...†...# #.#†#...≈.≈##
.###...†.# ###.###.§.≈#
.###.....#######...##...≈#
##..§.≈§≈.....'.....+..≈##
#..§≈≈###≈§.§.#..X..#≈###
#≈§#### ###§≈§≈XXX.....#
#### #####X@#+++#.#
#XX☼vv○+.# #☼X☼v○v+.#
#§☼○○vv+.# #☼☼#+++#.#
#........# #...###### ####


You could see 6 fire vortices, 2 friendly tentacled monstrosities and 6 friendly
large abominations.

Vanquished Creatures
  the Royal Jelly (Slime:5)
  Gloorx Vloq (Pan)
  Lom Lobon (Pan)
  A seraph (Pan)
  Mnoleg (Pan)
  A dread lich (Zig:5)
  2 pandemonium lords (Pan)
  Boris (Depths:4)
  Vv (Depths:3)
  Frederick (Depths:3)
  3 caustic shrikes
  Geryon (Hell)
  Saint Roka (Orc:2)
  the Enchantress (Depths:3)
  5 bone dragons
  6 profane servitors
  8 doom hounds
  An electric golem (Zig:10)
  A Tzitzimitl (Pan)
  A hellephant (Depths:1)
  Rupert (Abyss:3)
  A Brimstone Fiend (Pan)
  5 tentacled monstrosities
  2 spectral shard shrikes
  An Ice Fiend (Pan)
  2 tainted leviathans (Tar:7)
  A Hell Sentinel (Pan)
  3 liches
  6 acid blobs (Slime:5)
  2 deep elf master archers (Elf:3)
  3 titans (Vaults:5)
  2 deep elf blademasters (Elf:3)
  A walking frostbound tome (Depths:3)
  4 quicksilver dragons (Depths:3)
  8 searing wretches
  Murray (Hell)
  5 sphinxes
  15 Executioners (Pan)
  6 tengu reavers
  5 storm dragons
  8 shadow dragons
  7 rockslimes
  9 azure jellies
  A draconian knight (Zig:8)
  A draconian monk (Zig:8)
  12 fire giants
  6 demonspawn warmongers (Pan)
  3 iron dragons
  9 frost giants
  19 balrugs
  9 deep elf sorcerers
  7 ghost moths (Pan)
  7 ironbound preservers
  10 vault wardens
  2 spectral juggernauts
  A draconian scorcher (Zig:8)
  3 ghouls
  3 demonspawn corrupters (Pan)
  7 reapers
  An orc warlord (Vaults:2)
  8 angels (Pan)
  A deep elf elementalist (Elf:3)
  A draconian annihilator (Zig:8)
  3 curse skulls
  8 quicksilver oozes (Slime:5)
  8 ophanim (Pan)
  7 war gargoyles
  5 spriggan defenders
  A vampire knight (Depths:2)
  11 cacodemons
  An elemental wellspring (Depths:3)
  A black draconian (Abyss:4)
  3 ironbound thunderhulks
  3 stone giants
  23 very ugly things
  A deep elf demonologist (Elf:3)
  4 dire elephants
  3 apis (Pan)
  A bennu (Zig:3)
  5 demonspawn black suns (Pan)
  6 deep elf annihilators
  9 putrid mouths
  A yellow draconian (Zig:8)
  7 lorocyprocas
  A red draconian (Volcano)
  A green draconian (Zig:8)
  A minotaur (Gauntlet)
  3 starcursed masses
  22 spark wasps
  6 blizzard demons
  4 deep elf death magi
  12 green deaths (Pan)
  Snorg (D:12)
  8 eidola
  6 ettins
  A mummy priest (Zig:4)
  4 merfolk javelineers
  11 fire dragons
  An iron golem (Hell)
  An entropy weaver (Vaults:5)
  A crystal guardian (Vaults:2)
  4 merfolk impalers
  11 yaktaur captains
  A spriggan zombie (Hell)
  4 rakshasas
  2 deep elf high priests
  8 salamander tyrants
  14 vault guards
  3 great orbs of eyes
  A spectral spriggan (Tar:1)
  8 spriggan air magi
  7 ogre magi
  2 juggernaut simulacra
  A caustic shrike simulacrum (Tar:3)
  2 hydras
  A death knight (Abyss:4)
  5 ice dragons
  2 spriggan skeletons
  A peacekeeper (Vaults:3)
  8 ironbound frosthearts
  7 anacondas
  5 catoblepae
  2 satyrs
  A fenstrider witch skeleton (Hell)
  14 dancing weapons
  4 centaur warriors
  5 deep troll shamans
  6 naga warriors
  4 tengu warriors
  25 hell hogs
  7 boulder beetles
  11 two-headed ogres (Orc:2)
  5 deep troll earth magi
  8 death yaks
  A spectral naga (Tar:1)
  3 vampire magi
  8 deep elf knights
  A spectral storm dragon (Tar:1)
  5 spriggan berserkers
  Amaemon (D:10)
  4 shock serpents
  3 naga sharpshooters (Snake:2)
  2 thrashing horrors (Abyss:3)
  24 hell knights
  A skeletal warrior (D:14)
  12 soul eaters
  3 salamander mystics
  5 skysharks
  24 sun demons
  11 shadow wraiths
  A spectral bunyip (Tar:2)
  A storm dragon skeleton (Hell)
  8 cherubim (Pan)
  8 sixfirhies (Pan)
  A wretched star (Abyss:4)
  8 iron trolls
  A sea snake (Shoals:4)
  3 shadow demons (Pan)
  24 deep trolls
  A quicksilver dragon simulacrum (Hell)
  3 glowing orange brains
  An orb spider (shapeshifter) (Zig:7)
  A death drake (Abyss:4)
  2 flayed ghosts
  7 necromancers
  7 ironbound convokers
  5 wizards
  A spriggan simulacrum (Hell)
  2 orange crystal statues
  A golden dragon skeleton (Depths:3)
  3 phantasmal warriors
  A nameless horror (Pan)
  21 deep elf pyromancers
  20 deep elf zephyrmancers
  12 deep elf archers
  8 orc sorcerers
  3 shining eyes (Pan)
  A mana viper (shapeshifter) (Vaults:5)
  28 ugly things
  A mana viper (Snake:4)
  2 wolf spiders (shapeshifter)
  2 orc knights
  6 harpies
  An elephant (shapeshifter) (D:13)
  4 manticores
  A spectral ice dragon (Tar:1)
  A moth of wrath (Gauntlet)
  5 cyclopes
  A sphinx skeleton (Depths:3)
  12 salamanders
  A stone giant zombie (WizLab)
  4 fauns
  A black mamba (shapeshifter) (Elf:1)
  A centaur zombie (Hell)
  20 smoke demons
  12 black mambas
  14 elephants
  2 guardian serpents (Snake:1)
  3 water nymphs
  2 merfolk sirens (Lair:2)
  A storm dragon simulacrum (Depths:3)
  A stone giant skeleton (Pan)
  8 demonic crawlers (Pan)
  3 vault sentinels
  3 naga skeletons
  An eye of devastation (Slime:5)
  A water nymph (shapeshifter) (Zig:2)
  2 ice statues
  A gargoyle (D:12)
  8 rust devils
  4 cane toads
  8 naga magi
  10 orange demons
  Maurice (D:10)
  Maggie (D:10)
  2 freezing wraiths
  6 hellions
  5 tengu conjurers
  A kobold demonologist (D:12)
  A rime drake (Lair:4)
  2 efreet
  3 komodo dragons
  A yaktaur (shapeshifter) (D:14)
  14 yaktaurs
  8 tormentors
  2 catoblepas skeletons (Abyss:4)
  6 red devils
  A silent spectre (Abyss:3)
  An ice devil (Hell)
  12 hellwings (Pan)
  2 spectral harpies
  15 large abominations
  2 polar bears
  10 merfolk
  12 hornets
  5 trolls
  A yaktaur skeleton (Vaults:4)
  A wind drake (shapeshifter) (Depths:4)
  A wind drake (Shoals:4)
  4 raiju (Abyss:4)
  A harpy skeleton (Hell)
  2 snapping turtles
  A snapping turtle (shapeshifter) (Zig:7)
  7 dream sheep
  4 blink frogs
  An air elemental (Elf:2)
  18 slime creatures
  A flying skull (Zig:4)
  An ettin zombie (Hell)
  4 ynoxinuls
  A vampire (D:8)
  23 yaks
  A shadow (D:10)
  7 spriggans
  4 wraiths
  2 humans (Bailey)
  4 basilisks
  A black mamba skeleton (Pan)
  3 fire elementals
  5 water elementals
  A steam dragon (D:8)
  8 neqoxecs (Pan)
  An ushabti (Zig:3)
  4 golden eyes (Slime:5)
  6 vampire mosquitoes
  6 chaos spawn (Pan)
  A small abomination (Abyss:4)
  3 redbacks (Gauntlet)
  3 wargs
  14 nagas
  10 water moccasins
  2 acid dragons
  10 hell hounds (Hell)
  4 floating eyes
  3 black bears
  3 ice beasts
  17 orc warriors
  A swamp drake (D:11)
  A boggart (Vaults:1)
  23 ogres
  9 wolves
  18 centaurs
  A slime creature simulacrum (IceCv)
  6 kobold brigands
  6 earth elementals
  15 bullfrogs
  2 scorpions
  A gnoll sergeant (D:9)
  3 glowing shapeshifter simulacra (IceCv)
  3 wights (D:8)
  14 killer bees
  7 howler monkeys
  5 electric eels (D:10)
  5 crimson imps (Pan)
  12 orc priests
  2 gnoll boudas (D:7)
  5 hounds
  17 jellies
  Crazy Yiuf (D:5)
  An iguana (D:4)
  Jessica (D:2)
  A sleepcap (D:5)
  14 orc wizards
  6 mummies
  19 gnolls
  7 river rats (Sewer)
  5 adders
  2 worms
  A dart slug (D:5)
  68 orcs
  2 bats
  7 endoplasms
  2 giant cockroaches (D:4)
  8 goblins
  7 hobgoblins
  9 jackals
  23 kobolds
  3 quokkas
  13 ball pythons
  11 frilled lizards
  14 rats
  2 fire vortices
1760 creatures vanquished.

Vanquished Creatures (collateral kills)
  Cerebov (Pan)
  Ereshkigal (Tar:7)
  3 golden dragons (Depths:2)
  11 bone dragons
  4 Tzitzimimeh
  An electric golem (Zig:10)
  A hellephant (Depths:1)
  A Brimstone Fiend (Pan)
  5 doom hounds
  A spectral shard shrike (Tar:5)
  A tentacled monstrosity (Pan)
  A titan (Vaults:5)
  6 tainted leviathans (Tar:7)
  A deep elf master archer (Elf:3)
  An acid blob (Slime:1)
  An Executioner (Pan)
  4 tengu reavers
  6 nagarajas
  2 rockslimes
  3 azure jellies (IceCv)
  2 fire giants
  A draconian scorcher (Zig:8)
  2 deep elf sorcerers (Elf:3)
  Aizul (Shoals:4)
  6 vault wardens
  2 balrugs (Pan)
  The ghost of Subbak the Myrmidon, a journeyman DsMo of Okawaru (Shoals:1)
  A draconian shifter (Zig:8)
  A draconian annihilator (Pan)
  A cacodemon (Pan)
  2 ironbound thunderhulks
  6 ironbound preservers
  4 deep elf elementalists (Elf:3)
  3 stone giants
  3 ghouls (Tar:3)
  14 very ugly things
  5 quicksilver oozes (IceCv)
  A war gargoyle (Vaults:3)
  A reaper (Tar:7)
  6 dire elephants
  A red draconian (Zig:8)
  6 deep elf annihilators
  A bennu (Zig:3)
  2 putrid mouths (Tar:3)
  A spark wasp (Depths:2)
  An iron golem (Hell)
  5 ettins
  An eidolon (Tar:7)
  6 merfolk impalers
  6 merfolk javelineers
  3 deep elf high priests (Elf:3)
  3 blizzard demons (Pan)
  3 green deaths (Pan)
  A spectral quicksilver dragon (Tar:7)
  4 deep elf death magi
  13 yaktaur captains
  A rakshasa (Pan)
  4 salamander tyrants
  2 great orbs of eyes
  A hydra (D:8)
  An ogre mage (Vaults:5)
  2 peacekeepers
  24 vault guards
  2 alligator snapping turtles
  An ice dragon (Depths:1)
  A jorogumo (shapeshifter) (Zig:7)
  6 ironbound frosthearts
  2 merfolk avatars (Shoals:4)
  6 anacondas
  3 merfolk aquamancers (Shoals:4)
  A dancing weapon (Elf:3)
  2 satyrs (Shoals:4)
  4 deep troll earth magi
  A tengu warrior (D:13)
  5 deep troll shamans
  6 hell hogs (Depths:1)
  15 naga warriors
  A spriggan berserker (Depths:2)
  3 shock serpents
  10 naga sharpshooters
  2 salamander mystics
  7 sun demons (Pan)
  A shadow wraith (Tar:7)
  A skeletal warrior (D:14)
  A skyshark (Shoals:1)
  2 iron trolls
  6 sea snakes
  A spark wasp zombie (Zig:4)
  14 deep trolls
  A flayed ghost (Depths:2)
  5 wizards
  3 glowing orange brains (Pan)
  5 naga ritualists
  29 slime creatures
  A deep elf archer (Elf:2)
  3 lindwurms (Vaults:1)
  2 phantasmal warriors
  4 orc knights (Vaults:2)
  8 harpies
  A necromancer (Depths:1)
  A shining eye (Pan)
  3 mana vipers
  A cyclops (D:14)
  5 ironbound convokers
  15 manticores
  18 ugly things
  3 salamanders
  10 fauns
  2 elephants (Lair:4)
  A frost giant skeleton (Depths:1)
  A guardian serpent (shapeshifter) (Elf:2)
  6 orange demons
  12 vault sentinels
  19 black mambas
  7 naga magi
  3 merfolk sirens
  A demonic crawler (Pan)
  4 water nymphs
  3 guardian serpents
  6 smoke demons (Pan)
  An eye of devastation (Slime:5)
  A hellion (Tar:7)
  18 yaktaurs
  2 efreet (Pan)
  2 guardian mummies (Zig:4)
  5 hellwings (Pan)
  A red devil (Depths:2)
  A spectral naga (Snake:2)
  6 wind drakes
  16 merfolk
  A polar bear (Lair:4)
  Prince Ribbit (Abyss:3)
  7 snapping turtles
  2 air elementals (Zig:10)
  A dire elephant simulacrum (Tar:3)
  10 ynoxinuls
  3 water elementals
  3 large abominations (Pan)
  6 chaos spawn (Pan)
  6 neqoxecs (Pan)
  27 nagas
  A glowing shapeshifter zombie (Depths:1)
  3 floating eyes
  A human skeleton (Zig:3)
  A tengu skeleton (Depths:1)
  2 orc warriors (Abyss:3)
  3 slime creature simulacra (IceCv)
  A glowing shapeshifter simulacrum (IceCv)
  An electric eel (D:12)
  3 crimson imps (Pan)
  3 mummies (Zig:4)
  2 goblins (D:7)
  A creeping inferno (Geh:2)
639 creatures vanquished.

Vanquished Creatures (others)
  A lich (Pan)
  An Executioner (Pan)
  An eldritch tentacle (Pan)
  2 draconian annihilators (Pan)
  A deep elf high priest (Elf:3)
  A rakshasa (Pan)
  A sixfirhy (Pan)
  A phantasmal warrior (Zig:6)
  2 wizards
  A golden eye (Abyss:4)
  An orc wizard (Orc:2)
  A gnoll (Orc:2)
  3 orcs
  3 ball lightnings (Pan)
  A block of ice (Pan)
  5 creeping infernos (Geh:2)
  27 fungi
  3 lurking horrors (Geh:2)
  68 plants
  2 withered plants (Tar:3)
126 creatures vanquished.

Grand Total: 2525 creatures vanquished

Notes
Turn   | Place    | Note
-------+----------+-------------------------------------------
     0 | D:1      | Flugkiller the Vampire Hedge Wizard began the quest for the
                  | Orb.
     0 | D:1      | Reached XP level 1. HP: 13/13 MP: 4/4
   149 | D:1      | Reached skill level 1 in Conjurations
   242 | D:1      | Reached XP level 2. HP: 18/19 MP: 4/6
   777 | D:2      | Noticed Jessica
   784 | D:2      | Killed Jessica
   785 | D:2      | Gained mutation: You are afflicted with vampirism and can
                  | become a bat while bloodless. [Vampire growth]
   785 | D:2      | Reached XP level 3. HP: 24/24 MP: 4/7
  1739 | D:3      | Reached XP level 4. HP: 30/30 MP: 8/8
  1943 | D:3      | Reached skill level 1 in Hexes
  2220 | D:3      | Reached skill level 1 in Fighting
  2380 | D:4      | Reached XP level 5. HP: 37/37 MP: 8/10
  2554 | D:4      | Found Ybriarysk's Weapon Emporium.
  2654 | D:4      | Found a glowing drain.
  2669 | Sewer    | Entered a sewer
  2699 | Sewer    | Learned a level 2 spell: Call Imp
  2703 | Sewer    | Learned a level 3 spell: Confusing Touch
  2706 | Sewer    | Learned a level 2 spell: Blink
  2867 | Sewer    | Reached XP level 6. HP: 43/43 MP: 11/11
  2919 | Sewer    | Reached skill level 1 in Evocations
  3435 | D:5      | Entered Level 5 of the Dungeon
  3479 | D:5      | Reached skill level 4 in Spellcasting
  3480 | D:5      | Found a staircase to the Ecumenical Temple.
  3489 | Temple   | Entered the Ecumenical Temple
  3558 | Temple   | Became a worshipper of Ashenzari the Shackled
  3602 | D:5      | Found a radiant altar of Vehumet.
  3678 | D:5      | Reached XP level 7. HP: 46/51 MP: 10/13
  3856 | D:5      | Found a hazy altar of Hepliaklqana.
  3899 | D:5      | Reached skill level 5 in Hexes
  3993 | D:5      | Reached skill level 5 in Dodging
  4100 | D:5      | Found a runed translucent door.
  4101 | D:5      | Noticed Crazy Yiuf
  4267 | D:5      | Killed Crazy Yiuf
  4268 | D:5      | Reached XP level 8. HP: 58/58 MP: 5/14
  4486 | D:5      | Reached skill level 1 in Translocations
  4543 | D:6      | Reached skill level 1 in Short Blades
  4596 | D:6      | Identified the cursed +2 hat "Share My Soothsayer" {Will+,
                  | Self, Bglg} (You found it on level 1 of the Dungeon)
  4855 | D:6      | Reached XP level 9. HP: 50/65 MP: 12/16
  5145 | D:7      | Noticed Joseph
  5184 | D:7      | Found a flagged portal.
  5240 | Bailey   | Entered a bailey
  5270 | Bailey   | Reached skill level 5 in Stealth
  5356 | Bailey   | Noticed a vault guard
  5396 | Bailey   | Banished a vault guard
  5397 | Bailey   | Reached skill level 5 in Fighting
  5397 | Bailey   | Reached skill level 5 in Evocations
  5445 | Bailey   | Noticed a vault guard
  5615 | D:7      | Reached XP level 10. HP: 76/76 MP: 17/17
  5638 | D:7      | Noticed Prince Ribbit
  5649 | D:7      | Banished Prince Ribbit
  5650 | D:7      | Reached skill level 5 in Short Blades
  5744 | D:7      | Reached * piety under Ashenzari
  5912 | D:7      | Found a bloodstained altar of Trog.
  5913 | D:7      | Noticed a wizard
  5920 | D:7      | Killed a wizard
  6274 | D:8      | Found an opulent altar of Gozag.
  6401 | D:8      | Noticed a six-headed hydra
  6401 | D:8      | Noticed a catoblepas
  6464 | D:8      | Reached skill level 5 in Spellcasting
  6580 | D:8      | Reached skill level 10 in Hexes
  6629 | D:8      | Banished a catoblepas
  6630 | D:8      | Reached skill level 6 in Spellcasting
  6671 | D:8      | Reached ** piety under Ashenzari
  6728 | D:8      | Killed a six-headed hydra
  6745 | D:8      | Identified the ring "Afeim" {Fly Str+2}
  7124 | D:8      | Noticed an eight-headed hydra
  7134 | D:8      | Killed an eight-headed hydra
  7135 | D:8      | Reached XP level 11. HP: 83/83 MP: 15/21
  7878 | D:9      | Learned a level 7 spell: Enfeeble
  8018 | D:9      | Paralysed by a hornet for 2 turns
  8167 | D:10     | Entered Level 10 of the Dungeon
  8276 | D:10     | Reached *** piety under Ashenzari
  8449 | D:10     | Noticed Maggie
  8476 | D:10     | Killed Maggie
  8482 | D:10     | Noticed Amaemon
  8484 | D:10     | Noticed Maurice
  8540 | D:10     | Killed Maurice
  8576 | D:10     | Killed Amaemon
  8577 | D:10     | Reached skill level 7 in Spellcasting
  8579 | D:10     | Noticed Sonja
  8581 | D:10     | Sonja changed into Sonja the human
  8581 | D:10     | Noticed Sonja
  8591 | D:10     | Banished Sonja the human
  9010 | D:11     | Found a gate leading to a gauntlet.
  9019 | Gauntlet | Entered a Gauntlet
  9019 | Gauntlet | Found a transporter.
  9023 | Gauntlet | Found a transporter.
  9023 | Gauntlet | Found a transporter.
  9023 | Gauntlet | Found a transporter.
  9038 | Gauntlet | Found a transporter.
  9038 | Gauntlet | Found a transporter.
  9038 | Gauntlet | Found a transporter.
  9048 | Gauntlet | Paralysed by a hornet for 2 turns
  9077 | Gauntlet | Identified the cursed +2 pair of gloves of the Visionary
                  | Vexation {Cun, Bglg} (You found it on level 5 of the
                  | Dungeon)
  9114 | Gauntlet | Noticed a tengu warrior
  9117 | Gauntlet | Found a transporter.
  9117 | Gauntlet | Found a transporter.
  9118 | Gauntlet | Found a transporter.
  9136 | Gauntlet | Killed a tengu warrior
  9137 | Gauntlet | Reached skill level 8 in Spellcasting
  9187 | Gauntlet | Found a transporter.
  9199 | Gauntlet | Found a transporter.
  9199 | Gauntlet | Found a transporter.
  9206 | Gauntlet | Reached XP level 12. HP: 80/92 MP: 24/26
  9209 | Gauntlet | Noticed a dire elephant
  9217 | Gauntlet | Identified the ring of Esehamm {rPois rF+ rC+ Dex+6 SInv}
  9218 | Gauntlet | Found a transporter.
  9293 | Gauntlet | Noticed a minotaur
  9311 | Gauntlet | Killed a minotaur
  9314 | Gauntlet | Identified the +3 leather armour of Sulug {Fly Stlth+}
  9559 | D:11     | Found Uxuuz's General Store.
  9730 | D:11     | Found a hide-covered altar of Uskayaw.
  9796 | D:11     | Found a staircase to the Lair.
  9922 | D:11     | Noticed a boulder beetle
  9936 | D:11     | Banished a boulder beetle
 10176 | D:11     | Found a staircase to the Orcish Mines.
 10351 | Lair:1   | Entered Level 1 of the Lair of Beasts
 10600 | Lair:1   | Reached skill level 10 in Stealth
 10764 | Lair:2   | You are sucked into a shaft and drop 2 floors!
 10764 | Lair:4   | Noticed Rupert
 10769 | Lair:4   | Noticed a four-headed hydra
 10798 | Lair:4   | Killed a four-headed hydra
 10861 | Lair:4   | Found a viscous altar of Jiyva.
 10868 | Lair:4   | Found a staircase to the Slime Pits.
 11299 | Lair:3   | Noticed a death yak
 11300 | Lair:3   | Noticed a death yak
 11300 | Lair:3   | Noticed a death yak
 11300 | Lair:3   | Noticed a death yak
 11308 | Lair:3   | Noticed a death yak
 11316 | Lair:3   | Killed a death yak
 11317 | Lair:3   | Reached skill level 15 in Hexes
 11365 | Lair:3   | Killed a death yak
 11366 | Lair:3   | Reached skill level 1 in Ice Magic
 11366 | Lair:3   | Reached XP level 13. HP: 93/97 MP: 9/26
 11526 | Lair:2   | Found a staircase to the Snake Pit.
 11626 | Lair:2   | Found a transporter.
 11630 | Lair:2   | Noticed sastreii's ghost (journeyman DrHu)
 11654 | Lair:2   | Found a staircase to the Shoals.
 11692 | Lair:2   | Reached skill level 5 in Ice Magic
 11750 | Lair:2   | Found a transporter.
 11775 | Lair:2   | Identified the +2 leather armour "Niamm" {rC+}
 12010 | Lair:2   | Learned a level 3 spell: Frozen Ramparts
 13142 | Lair:4   | Banished Rupert
 13272 | Lair:5   | Entered Level 5 of the Lair of Beasts
 13352 | Lair:5   | Reached skill level 10 in Dodging
 13488 | Lair:5   | Identified the +2 chain mail of the Scribe {Contam Regen+
                  | rCorr Str+4}
 13669 | Lair:5   | Reached XP level 14. HP: 103/108 MP: 28/28
 13683 | Lair:5   | Identified the +7 great mace of Vovvui {venom, rF+ rC+
                  | rN+++ Dex-5}
 14222 | Orc:1    | Entered Level 1 of the Orcish Mines
 14254 | Orc:1    | Reached **** piety under Ashenzari
 14274 | Orc:1    | Found a dark tunnel.
 14285 | Volcano  | Entered a volcano
 14619 | Orc:1    | Paralysed by a floating eye for 4 turns
 15099 | Orc:2    | Entered Level 2 of the Orcish Mines
 15099 | Orc:2    | Found Qonox's Antique Armour Boutique.
 15487 | Orc:2    | Noticed Saint Roka
 15566 | Orc:2    | Found Amuanamn's Jewellery Emporium.
 15566 | Orc:2    | Found Koidel's Antique Weapon Boutique.
 15673 | Orc:2    | Found Lexkebets's Book Shop.
 15673 | Orc:2    | Found Foullekk's Assorted Antiques.
 15683 | Orc:2    | Bought Ozocubu's Autobiography for 264 gold pieces
 15683 | Orc:2    | Bought Sif Muna's Folio of Spellbinding for 418 gold pieces
 15730 | Orc:2    | Noticed Jorgrun
 15741 | Orc:2    | Banished Jorgrun
 15871 | Orc:2    | Reached skill level 9 in Spellcasting
 15987 | Orc:2    | Reached XP level 15. HP: 114/117 MP: 12/30
 16083 | Orc:2    | Killed Saint Roka
 16152 | Orc:2    | Found a staircase to the Elven Halls.
 16235 | D:12     | Noticed Snorg
 16242 | D:12     | Killed Snorg
 16481 | D:12     | Found Hiboygg's Book Boutique.
 16489 | D:12     | Bought a book of the Tundra for 512 gold pieces
 16498 | D:12     | Learned a level 5 spell: Summon Mana Viper
 16506 | D:12     | Learned a level 7 spell: Ozocubu's Refrigeration
 16513 | D:12     | Learned a level 6 spell: Simulacrum
 16823 | D:13     | Reached skill level 10 in Spellcasting
 17032 | D:13     | Found a gate to the Vaults.
 17602 | D:14     | Reached skill level 1 in Necromancy
 17604 | D:14     | Reached skill level 10 in Ice Magic
 18007 | D:15     | Entered Level 15 of the Dungeon
 18177 | D:15     | Found a staircase to the Depths.
 18226 | D:15     | Found a sacrificial altar of Ru.
 18244 | D:15     | Reached skill level 11 in Spellcasting
 18486 | Depths:1 | Entered Level 1 of the Depths
 18571 | Depths:1 | Noticed a sphinx
 18574 | Depths:1 | Killed a sphinx
 18954 | Snake:1  | Entered Level 1 of the Snake Pit
 18959 | Snake:1  | Reached XP level 16. HP: 98/123 MP: 7/33
 19167 | Snake:2  | Reached skill level 5 in Necromancy
 19184 | Snake:2  | Reached ***** piety under Ashenzari
 19225 | Snake:2  | Found Kept's Antique Weapon Boutique.
 19309 | Snake:2  | Found a frozen archway.
 19318 | IceCv    | Entered an ice cave
 19401 | IceCv    | Identified the ring of the Louse {rC+ rCorr Int+3}
 19589 | IceCv    | Found a viscous altar of Jiyva.
 19596 | IceCv    | Identified the Elucidation of the Winter
 19601 | IceCv    | Reached skill level 12 in Spellcasting
 19604 | IceCv    | Identified the +5 sling of Infection {freeze, +Blink Str+4}
 19605 | IceCv    | Identified the amulet of Light {Reflect rPois Int+4 SH+5}
 20310 | Snake:3  | Reached XP level 17. HP: 127/130 MP: 12/36
 20485 | Snake:4  | Entered Level 4 of the Snake Pit
 20610 | Snake:4  | Reached skill level 15 in Ice Magic
 20700 | Snake:4  | Reached skill level 13 in Spellcasting
 20719 | Snake:4  | Learned a level 8 spell: Infestation
 20725 | Snake:4  | Learned a level 5 spell: Irradiate
 20797 | Snake:4  | Reached skill level 1 in Transmutations
 20970 | Snake:4  | Got a serpentine rune of Zot
 21288 | Lair:2   | Banished sastreii's ghost
 21339 | Shoals:1 | Entered Level 1 of the Shoals
 21339 | Shoals:1 | Found a runed translucent gate.
 21339 | Shoals:1 | Found a runed translucent gate.
 21339 | Shoals:1 | Found a runed translucent gate.
 21352 | Shoals:1 | Identified the amulet of Kiemiev {Faith Will++ Int-2}
 21353 | Shoals:1 | Identified the amulet of Poecs {Faith rElec Will- Slay+3}
 21355 | Shoals:1 | Noticed Subbak's ghost (journeyman DsMo)
 21576 | Shoals:2 | Reached skill level 5 in Transmutations
 21686 | Shoals:2 | Reached skill level 5 in Conjurations
 21749 | Shoals:2 | Reached XP level 18. HP: 113/136 MP: 27/37
 21849 | Shoals:3 | Learned a level 5 spell: Freezing Cloud
 22081 | Shoals:4 | Entered Level 4 of the Shoals
 22367 | Shoals:4 | Noticed Aizul
 22374 | Shoals:4 | Killed Aizul
 22378 | Shoals:4 | Reached skill level 10 in Necromancy
 22443 | Shoals:4 | Got a barnacled rune of Zot
 22574 | Shoals:1 | Killed Subbak's ghost
 22598 | Shoals:1 | Reached XP level 19. HP: 114/142 MP: 24/39
 22770 | Elf:1    | Entered Level 1 of the Elven Halls
 22770 | Elf:1    | Found Bameaseuh's Distillery.
 22776 | Elf:1    | Bought a potion of resistance for 170 gold pieces
 22776 | Elf:1    | Bought a potion of brilliance for 68 gold pieces
 22865 | Elf:1    | Found Relio's Assorted Antiques.
 22923 | Elf:1    | Identified the +0 chain mail of Impatience {Rampage Regen+}
 22982 | Elf:1    | Found Sisuwn's Jewellery Shop.
 23002 | Elf:1    | Found Xirheikk's Armour Shop.
 23303 | Elf:1    | Found Zapodd's Jewellery Shop.
 23539 | Elf:2    | Paralysed by an air elemental for 1 turns
 23542 | Elf:2    | Paralysed by an air elemental for 1 turns
 23658 | Elf:2    | Reached XP level 20. HP: 131/148 MP: 7/40
 23677 | Elf:2    | Reached skill level 15 in Necromancy
 23735 | Elf:2    | Found Basogas's Distillery.
 23789 | Elf:2    | Bought a potion of brilliance for 64 gold pieces
 23789 | Elf:2    | Bought a potion of ambrosia for 128 gold pieces
 23789 | Elf:2    | Bought a potion of ambrosia for 128 gold pieces
 23789 | Elf:2    | Bought a potion of haste for 160 gold pieces
 23822 | Elf:2    | Found a huge runed translucent gate.
 23822 | Elf:2    | Found a huge runed translucent gate.
 23822 | Elf:2    | Found a huge runed translucent gate.
 23824 | Elf:2    | Found a huge runed translucent gate.
 23825 | Elf:2    | Found a huge runed translucent gate.
 23862 | Elf:3    | Entered Level 3 of the Elven Halls
 24761 | Elf:3    | Identified the +7 hand axe of Tension {freeze, *Rage rElec
                  | rC+ Will+}
 24761 | Elf:3    | Identified the ring "Meshoach" {Ice +Blink}
 24780 | Elf:3    | Identified the +3 war axe of Anxiety {protect, *Slow Str+3
                  | Dex+3 Stlth+}
 24815 | Elf:3    | Identified the +6 morningstar "Inwor" {drain, rPois Str+4}
 24816 | Elf:3    | Identified the Disquisition on Flashy Glaciation
 24818 | Elf:3    | Identified the +0 plate armour of the Evening {rPois rF++}
 24848 | Elf:3    | Identified the +10 scale mail of Paranoia {MP+9 Dex+2
                  | Stlth+}
 24850 | Elf:3    | Found the +7 Spriggan's Knife {stab, EV+4 Stlth+}
 24850 | Elf:3    | Identified the +2 rapier "Egeczoeb" {flame, *Noise rC++
                  | rN+++ Stlth-}
 24851 | Elf:3    | Identified the +2 plate armour "Warrarog" {+Blink rPois
                  | Regen+ Str+5}
 24851 | Elf:3    | Identified the staff of death "Watuqedd" {rN+ Str-5 Int+3
                  | Dex+5 Stlth+}
 24852 | Elf:3    | Found the +3 hat of Pondering {ponderous, Will+ MP+10
                  | Int+5}
 24852 | Elf:3    | Identified the +8 plate armour "Zanint" {Fly rF- Str+6}
 24918 | Elf:3    | Identified the +6 morningstar of Supply {elec, rN+ Int+2}
 25242 | Slime:1  | Entered Level 1 of the Pits of Slime
 25313 | Slime:5  | Entered Level 5 of the Pits of Slime
 25348 | Slime:5  | Paralysed by a floating eye for 3 turns
 25355 | Slime:5  | Noticed the Royal Jelly
 25361 | Slime:5  | Killed the Royal Jelly
 25362 | Slime:5  | Reached skill level 14 in Spellcasting
 25673 | Slime:5  | Identified the amulet "Ubral" {RegenMP -Tele Regen+ Str+3
                  | Dex+3}
 25673 | Slime:5  | Identified the +7 rapier of Responsibility {flame, rElec
                  | rF+}
 25678 | Slime:5  | Found the +1 cloak of Starlight {*Dazzle EV+4 Stlth--}
 25696 | Slime:5  | Found the +8 longbow "Zephyr" {speed, Dex+3 SInv}
 25745 | Slime:5  | Got a slimy rune of Zot
 26019 | Vaults:1 | Entered Level 1 of the Vaults
 26167 | Vaults:1 | Learned a level 4 spell: Passage of Golubria
 26190 | Vaults:1 | Noticed Zenata
 26320 | Vaults:1 | Reached skill level 15 in Spellcasting
 26399 | Vaults:1 | Identified the +0 battleaxe "Etaoceni" {freeze, rElec
                  | Str+3}
 26413 | Vaults:1 | Reached XP level 21. HP: 143/151 MP: 41/41
 26716 | Vaults:1 | Found a radiant altar of Vehumet.
 26716 | Vaults:1 | Identified the +2 robe "Arghe" {Int+2}
 26717 | Vaults:1 | Found the -2 hat of the Alchemist {rElec rPois rF+ rC+ rN+
                  | Will+ rMut rCorr}
 26731 | Abyss:3  | Cast into level 3 of the Abyss (unwielding a weapon of
                  | distortion)
 26749 | Abyss:3  | Killed Prince Ribbit
 26809 | Abyss:3  | Found a corrupted altar of Lugonu.
 26810 | Abyss:3  | Found a corrupted altar of Lugonu.
 26810 | Abyss:3  | Found a corrupted altar of Lugonu.
 26831 | Abyss:3  | Reached skill level 16 in Spellcasting
 26906 | Abyss:3  | Killed Rupert
 26969 | Abyss:4  | Found a corrupted altar of Lugonu.
 27008 | Vaults:1 | Escaped the Abyss
 27028 | Vaults:1 | Found the +1 robe of Vines {NoPotionHeal Regen++++}
 27045 | Vaults:1 | Found the +3 crown of Dyrovepreva {rElec Int+2 SInv}
 27097 | Vaults:1 | Found Luefech's Weapon Boutique.
 27328 | Vaults:2 | Reached skill level 17 in Spellcasting
 27579 | Vaults:2 | Found the +3 pair of gauntlets of War {Slay+5}
 27725 | Vaults:2 | Reached skill level 18 in Spellcasting
 27834 | Vaults:2 | Found Zarhaddif's Assorted Antiques.
 28010 | Vaults:3 | Identified a scroll of acquirement
 28018 | Vaults:3 | Acquired 1008 gold pieces
 28228 | Vaults:3 | Reached skill level 19 in Spellcasting
 28260 | Vaults:3 | Reached XP level 22. HP: 98/151 MP: 45/45
 28536 | Vaults:3 | Found a staircase to the Crypt.
 28572 | Vaults:3 | Found Ruergh's Weapon Shop.
 28673 | Vaults:4 | Identified the +2 leather armour of the Desolation of Salt
                  | {rC- Dex+5}
 28718 | Vaults:4 | Found a magical portal.
 28734 | WizLab   | Entered Doroklohe's Tomb
 28926 | WizLab   | Noticed a dread lich
 29299 | Vaults:4 | Reached skill level 20 in Spellcasting
 29596 | Vaults:5 | Entered Level 5 of the Vaults
 29698 | Vaults:5 | Identified the ring of Ziaxzeatt {rElec rPois rF- rN+
                  | Str+3}
 29723 | Vaults:5 | Identified the +9 executioner's axe of Uwugighe {heavy, rF+
                  | rC+ rCorr Int-5}
 29792 | Vaults:5 | Reached skill level 21 in Spellcasting
 29832 | Vaults:5 | Identified the +3 great mace of Piodd {heavy, Will+ Dex+3}
 29943 | Vaults:5 | Identified the +9 great sword "Padytog" {protect, rF+ Will+
                  | Int+3}
 30028 | Vaults:5 | Identified the staff of poison "Tef Tueb" {rPois rN+ Int+2}
 30129 | Vaults:5 | Identified the staff of death "Feuciuva" {rPois rN+}
 30163 | Vaults:5 | Reached skill level 22 in Spellcasting
 30270 | Vaults:5 | Noticed an ancient lich
 30282 | Vaults:5 | Identified the +1 chain mail "Guriog" {rC+ MP+9 Stlth+}
 30355 | Vaults:5 | Got a silver rune of Zot
 30385 | Vaults:5 | Reached XP level 23. HP: 95/160 MP: 35/49
 30901 | Depths:1 | Found a shimmering blue altar of Sif Muna.
 31232 | Depths:1 | Reached skill level 10 in Fighting
 31234 | Depths:1 | Found a gateway to Hell.
 31416 | Depths:2 | Noticed a caustic shrike
 31437 | Depths:2 | Killed a caustic shrike
 31462 | Depths:2 | Identified the +8 mace of Wauporas {heavy, rPois rN+ Int+3}
 31488 | Depths:2 | Identified the +12 quarterstaff "Miocuf" {heavy, Dex+5}
 31590 | Depths:2 | Found a one-way gate leading to the halls of Pandemonium.
 31697 | Depths:2 | Reached skill level 23 in Spellcasting
 31919 | Depths:3 | Found a one-way gateway to a ziggurat.
 31928 | Zig:1    | Entered Level 1 of a ziggurat
 31928 | Zig:1    | Noticed a caustic shrike
 31934 | Zig:1    | Killed a caustic shrike
 31944 | Zig:2    | Entered Level 2 of a ziggurat
 31944 | Zig:2    | Identified the +10 giant club "Roong" {flame, rPois}
 31962 | Zig:3    | Entered Level 3 of a ziggurat
 31987 | Zig:3    | Reached XP level 24. HP: 127/165 MP: 50/50
 32013 | Zig:4    | Entered Level 4 of a ziggurat
 32046 | Zig:5    | Entered Level 5 of a ziggurat
 32049 | Zig:5    | Found the +8 trishula "Condemnation" {holy, anguish, *Noise
                  | Fly rN+}
 32050 | Zig:5    | Identified the staff of earth "Decwiwimn" {Str+3}
 32051 | Zig:5    | Noticed a dread lich
 32074 | Zig:5    | Gained mutation: Your body sometimes deteriorates upon
                  | taking damage. [mutagenic glow]
 32075 | Zig:5    | Killed a dread lich
 32143 | Zig:6    | Entered Level 6 of a ziggurat
 32146 | Zig:6    | Identified the ring "Viecauci" {rCorr Slay+3}
 32147 | Zig:6    | Identified the Quarto of Chilly Curses
 32148 | Zig:6    | Identified the +5 falchion "Joor Ziejant" {freeze, rN++}
 32216 | Zig:7    | Entered Level 7 of a ziggurat
 32222 | Zig:7    | Identified the +11 quarterstaff "Kez Hydo" {venom, rPois
                  | Str+4 Dex-3}
 32234 | Zig:7    | Reached skill level 24 in Spellcasting
 32303 | Zig:8    | Entered Level 8 of a ziggurat
 32310 | Zig:8    | Identified the +1 flail "Awiolla" {freeze, Int+3 Dex+3
                  | SInv}
 32357 | Zig:9    | Entered Level 9 of a ziggurat
 32379 | Zig:9    | Reached XP level 25. HP: 174/181 MP: 19/51
 32387 | Zig:9    | Found the ring of the Mage {Wiz Archmagi}
 32387 | Zig:9    | Identified the staff of air "Onobb" {rElec rPois}
 32394 | Zig:10   | Entered Level 10 of a ziggurat
 32438 | Zig:10   | Identified the +12 spear of Yesterday {antimagic, Str-2
                  | Int+4 Dex+7}
 32447 | Zig:10   | Reached XP level 26. HP: 71/188 MP: 14/51
 32450 | Zig:11   | Entered Level 11 of a ziggurat
 32551 | Zig:11   | Identified the +0 scale mail of Unambiguity {rCorr}
 32552 | Zig:11   | Noticed a dread lich
 32553 | Zig:11   | Noticed a dread lich
 32553 | Zig:11   | Noticed a dread lich
 32553 | Zig:11   | Identified the Notes on Frosty Locality
 32553 | Zig:11   | Found the amulet of the Air {Inacc Air Fly rElec RMsl}
 32579 | Zig:12   | Entered Level 12 of a ziggurat
 32592 | Zig:12   | Noticed a dread lich
 32592 | Zig:12   | Noticed an ancient lich
 32593 | Zig:12   | Noticed an ancient lich
 32594 | Zig:12   | Noticed an ancient lich
 32595 | Zig:12   | Noticed an ancient lich
 32599 | Zig:12   | Found the +18 shield of the Gong {Loud rN+ Will+ rCorr
                  | EV-5}
 32599 | Zig:12   | Found the +6 Majin-Bo {spellvamp, MP+6 Int+6}
 32599 | Zig:12   | Identified the staff of poison "Fonifuz" {rPois Str-2 Int+2
                  | Dex+7 Stlth+}
 32599 | Zig:12   | Identified the +4 mace of Mastery {freeze, rF+ rC+ Int+4}
 32616 | Depths:3 | Learned a level 9 spell: Polar Vortex
 32706 | Depths:3 | Noticed Frederick
 32722 | Depths:3 | Killed Frederick
 32832 | Depths:3 | Reached skill level 25 in Spellcasting
 33035 | Depths:3 | Noticed the Enchantress
 33038 | Depths:3 | Killed the Enchantress
 33271 | Depths:3 | Noticed Vv
 33280 | Depths:3 | Killed Vv
 33365 | Depths:3 | Found Amief's Antique Armour Emporium.
 33423 | Depths:4 | Entered Level 4 of the Depths
 33429 | Depths:4 | Noticed Boris
 33555 | Depths:4 | Reached skill level 1 in Shields
 33610 | Depths:4 | Killed Boris
 33614 | Depths:4 | Identified the +8 scimitar of the Eleven Lovers {spect,
                  | rPois rC+ Dex-4}
 33741 | Depths:4 | Found an ornate altar of the Wu Jian Council.
 33823 | Depths:4 | Found a one-way gate to the infinite horrors of the Abyss.
 33841 | Depths:4 | Voluntarily entered the Abyss.
 34101 | Abyss:4  | Got an abyssal rune of Zot
 34110 | Depths:4 | Escaped the Abyss
 34309 | Depths:3 | Learned a level 8 spell: Summon Horrible Things
 34803 | Pan      | Entered Pandemonium
 34822 | Pan      | Reached XP level 27. HP: 157/194 MP: 33/52
 34822 | Pan      | Noticed Pekhlouly the pandemonium lord
 34833 | Pan      | Gained mutation: You are dopey. (Int -2) [mutagenic glow]
 35019 | Pan      | Reached skill level 5 in Summonings
 35132 | Pan      | Killed Pekhlouly the pandemonium lord
 35514 | Pan      | Found a runed translucent door.
 35524 | Pan      | Got a demonic rune of Zot
 35744 | Pan      | Noticed a seraph
 35744 | Pan      | Identified the staff of fire "Vomearu" {rF+ SInv}
 35749 | Pan      | Killed a seraph
 35751 | Pan      | Reached skill level 10 in Summonings
 35867 | Pan      | Identified the +5 hand axe of Tequ {protect, Str+3 Int+3
                  | Dex-3}
 35868 | Pan      | Identified the +2 ring mail of the Histrionic God {Will+
                  | SInv}
 35868 | Pan      | Identified the ring "Vuohokhle" {Str+3 Dex+4 SInv}
 35892 | Depths:2 | Escaped Pandemonium
 35994 | Pan      | Entered Pandemonium
 36014 | Pan      | Acquired Muclouj's Parchment of Nausea and the Tempest
 36021 | Pan      | Learned a level 2 spell: Passwall
 36034 | Pan      | Noticed Teamur the pandemonium lord
 36079 | Pan      | Noticed Mividan Syoq the pandemonium lord
 36093 | Pan      | Entered the realm of Lom Lobon.
 36429 | Pan      | Noticed Lom Lobon
 36602 | Pan      | Killed Lom Lobon
 36627 | Pan      | Got a magical rune of Zot
 36718 | Depths:2 | Escaped Pandemonium
 36729 | Pan      | Entered Pandemonium
 36737 | Pan      | Gained mutation: Your magical capacity is low. (-10% MP) [a
                  | cacodemon]
 36754 | Pan      | Acquired 607 gold pieces
 36822 | Pan      | Noticed Leum the pandemonium lord
 36876 | Pan      | Killed Leum the pandemonium lord
 37033 | Pan      | Found an exit through the horrors of the Abyss.
 37038 | Pan      | Took an exit into the Abyss.
 37038 | Abyss:4  | Escaped into the Abyss
 37042 | Depths:2 | Escaped the Abyss
 37091 | Pan      | Entered Pandemonium
 37332 | Pan      | Entered the realm of Cerebov.
 37508 | Pan      | Identified the +0 leather armour of Hysteria {rElec rF+}
 37508 | Pan      | Identified the +9 broad axe "Adukhleb" {heavy, Will+ Int+6}
 37532 | Pan      | Identified the ring of Xetoafo {rPois rF+}
 37533 | Pan      | Identified Touriudgh's Grimoire of Blasphemous Deeds
 37620 | Pan      | Identified Xaad's Handbook of the Wyrd and the Shapeshifter
 37642 | Pan      | Identified the amulet of Yredelemnul's Wrath {rN+++ Will++
                  | Regen+ Str-4}
 37642 | Pan      | Identified the staff of conjuration "Idiosam" {rPois rCorr
                  | Dex-4 SInv}
 37643 | Pan      | Identified the +3 cloak of Fedhas's Reproof {Str+3 Int+5}
 37643 | Pan      | Identified the Omnibus of Unlucky Bringing Forth
 37788 | Pan      | Identified the +10 scimitar "Jucott" {elec, rElec rN++
                  | rCorr Int-4}
 37995 | Pan      | Found the +6 sword of Cerebov {flame}
 37995 | Pan      | Noticed Cerebov
 38249 | Pan      | Killed Cerebov
 38250 | Pan      | Reached skill level 26 in Spellcasting
 38250 | Pan      | Reached skill level 10 in Evocations
 38258 | Pan      | Identified the +3 glaive "Kotuupoa" {flame, rElec rF+ Will-
                  | Dex+3}
 38259 | Pan      | Identified the +6 mace of Goguaxof {protect, Str+3}
 38303 | Pan      | Got a fiery rune of Zot
 38498 | Pan      | Noticed Boteaf the pandemonium lord
 38527 | Depths:2 | Escaped Pandemonium
 38543 | Pan      | Entered the realm of Mnoleg.
 38543 | Pan      | Entered Pandemonium
 38599 | Pan      | Gained mutation: Your spells are a little easier to cast,
                  | but a little less powerful. [a neqoxec]
 38641 | Pan      | Gained mutation: Your body often deteriorates upon taking
                  | damage. [a shining eye]
 38656 | Pan      | Noticed Mnoleg
 38656 | Pan      | Gained mutation: You are clumsy. (Dex -2) [a cacodemon]
 38663 | Pan      | Gained mutation: You are weak. (Str -2) [Mnoleg's mutagenic
                  | touch]
 38670 | Pan      | Gained mutation: You are vulnerable to cold. (rC-) [a
                  | neqoxec]
 38674 | Pan      | Killed Mnoleg
 38682 | Pan      | Found an exit through the horrors of the Abyss.
 38768 | Pan      | Got a glowing rune of Zot
 38798 | Pan      | Identified the staff of earth "Beeheeg" {Stlth+}
 38854 | Pan      | Lost mutation: Your body often deteriorates upon taking
                  | damage. [potion of mutation]
 38854 | Pan      | Lost mutation: You are clumsy. (Dex -2) [potion of
                  | mutation]
 38854 | Pan      | Lost mutation: You are dopey. (Int -2) [potion of mutation]
 38854 | Pan      | Gained mutation: You expend magic power (3 MP) to
                  | strengthen your wands. [potion of mutation]
 38854 | Pan      | Lost mutation: You are weak. (Str -2) [potion of mutation]
 38855 | Pan      | Lost mutation: Your body sometimes deteriorates upon taking
                  | damage. [potion of mutation]
 38855 | Pan      | Lost mutation: Your magical capacity is low. (-10% MP)
                  | [potion of mutation]
 38855 | Pan      | Gained mutation: You have hidden genetic potential. [potion
                  | of mutation]
 38856 | Pan      | Lost mutation: Your spells are a little easier to cast, but
                  | a little less powerful. [potion of mutation]
 38856 | Pan      | Lost mutation: You have hidden genetic potential. [potion
                  | of mutation]
 38856 | Pan      | Gained mutation: You are frail. (-10% HP) [potion of
                  | mutation]
 38857 | Pan      | Lost mutation: You expend magic power (3 MP) to strengthen
                  | your wands. [potion of mutation]
 38857 | Pan      | Lost mutation: You are vulnerable to cold. (rC-) [potion of
                  | mutation]
 38857 | Pan      | Lost mutation: You are frail. (-10% HP) [potion of
                  | mutation]
 38857 | Pan      | Gained mutation: You have a pair of small horns on your
                  | head. [potion of mutation]
 38857 | Pan      | Gained mutation: You have hidden genetic defects. [potion
                  | of mutation]
 38857 | Pan      | Gained mutation: A frigid envelope surrounds you and
                  | freezes all who hurt you. [potion of mutation]
 38885 | Pan      | Reached skill level 15 in Summonings
 38934 | Pan      | Entered the realm of Gloorx Vloq.
 39208 | Pan      | Noticed Gloorx Vloq
 39272 | Pan      | Got a dark rune of Zot
 39285 | Pan      | Killed Gloorx Vloq
 39420 | Pan      | Gained mutation: You are weak. (Str -2) [hidden defects]
 39512 | Depths:2 | Escaped Pandemonium
 39514 | Depths:2 | Lost mutation: You are weak. (Str -2) [potion of mutation]
 39514 | Depths:2 | Lost mutation: You have a pair of small horns on your head.
                  | [potion of mutation]
 39514 | Depths:2 | Lost mutation: You have hidden genetic defects. [potion of
                  | mutation]
 39514 | Depths:2 | Gained mutation: You occasionally lose the ability to read
                  | scrolls when taking damage. [potion of mutation]
 39514 | Depths:2 | Gained mutation: You passively dampen the noise of your
                  | surroundings. [potion of mutation]
 39514 | Depths:2 | Gained mutation: You have large cloven feet. [potion of
                  | mutation]
 39515 | Depths:2 | Lost mutation: You occasionally lose the ability to read
                  | scrolls when taking damage. [potion of mutation]
 39515 | Depths:2 | Lost mutation: You passively dampen the noise of your
                  | surroundings. [potion of mutation]
 39515 | Depths:2 | Gained mutation: You occasionally lose the ability to drink
                  | potions when taking damage. [potion of mutation]
 39516 | Depths:2 | Lost mutation: You have large cloven feet. [potion of
                  | mutation]
 39516 | Depths:2 | Lost mutation: A frigid envelope surrounds you and freezes
                  | all who hurt you. [potion of mutation]
 39516 | Depths:2 | Gained mutation: You occasionally shout uncontrollably at
                  | your foes. [potion of mutation]
 39516 | Depths:2 | Gained mutation: You passively dampen the noise of your
                  | surroundings. [potion of mutation]
 39516 | Depths:2 | Gained mutation: Your muscles are strong. (Str +4, Int/Dex
                  | -1) [potion of mutation]
 39517 | Depths:2 | Lost mutation: Your muscles are strong. (Str +4, Int/Dex
                  | -1) [potion of mutation]
 39517 | Depths:2 | Lost mutation: You occasionally shout uncontrollably at
                  | your foes. [potion of mutation]
 39517 | Depths:2 | Lost mutation: You passively dampen the noise of your
                  | surroundings. [potion of mutation]
 39517 | Depths:2 | Gained mutation: You are strong-willed. (Will+) [potion of
                  | mutation]
 39517 | Depths:2 | Gained mutation: You are vulnerable to cold. (rC-) [potion
                  | of mutation]
 39517 | Depths:2 | Gained mutation: A frigid envelope surrounds you and
                  | freezes all who hurt you. [potion of mutation]
 39518 | Depths:2 | Lost mutation: A frigid envelope surrounds you and freezes
                  | all who hurt you. [potion of mutation]
 39518 | Depths:2 | Lost mutation: You are strong-willed. (Will+) [potion of
                  | mutation]
 39518 | Depths:2 | Lost mutation: You occasionally lose the ability to drink
                  | potions when taking damage. [potion of mutation]
 39518 | Depths:2 | Gained mutation: Your magical capacity is low. (-10% MP)
                  | [potion of mutation]
 39518 | Depths:2 | Gained mutation: You have a pair of small antennae on your
                  | head. [potion of mutation]
 39519 | Depths:2 | Lost mutation: You are vulnerable to cold. (rC-) [potion of
                  | mutation]
 39519 | Depths:2 | Lost mutation: You have a pair of small antennae on your
                  | head. [potion of mutation]
 39519 | Depths:2 | Lost mutation: Your magical capacity is low. (-10% MP)
                  | [potion of mutation]
 39519 | Depths:2 | Gained mutation: You expend magic power (3 MP) to
                  | strengthen your wands. [potion of mutation]
 39519 | Depths:2 | Gained mutation: You have a somewhat thin skeletal
                  | structure. (Dex +2, Stealth+) [potion of mutation]
 39519 | Depths:2 | Gained mutation: You are strong-willed. (Will+) [potion of
                  | mutation]
 39578 | Hell     | Entered the Vestibule of Hell
 39578 | Hell     | Noticed Geryon
 39583 | Hell     | Noticed Murray
 39593 | Hell     | Killed Geryon
 39595 | Hell     | Killed Murray
 39878 | Hell     | Found a gateway to the decaying netherworld of Tartarus.
 39926 | Hell     | Learned a level 9 spell: Dragon's Call
 39937 | Hell     | Learned a level 8 spell: Discord
 39939 | Tar:1    | Entered Level 1 of Tartarus
 40335 | Tar:5    | Found a huge runed gate.
 40335 | Tar:5    | Found a huge runed gate.
 40335 | Tar:5    | Found a huge runed gate.
 40335 | Tar:5    | Found a huge runed gate.
 40335 | Tar:5    | Found a huge runed gate.
 40335 | Tar:5    | Found a huge runed gate.
 40355 | Tar:5    | Found a huge runed gate.
 40355 | Tar:5    | Found a huge runed gate.
 40355 | Tar:5    | Found a huge runed gate.
 40355 | Tar:5    | Found a huge runed gate.
 40355 | Tar:5    | Noticed an ancient lich
 40453 | Tar:7    | Entered Level 7 of Tartarus
 40681 | Tar:7    | Identified the +2 plate armour "Koifan" {Harm rN+ Str+2
                  | Dex+4}
 40775 | Tar:7    | Noticed Ereshkigal
 41043 | Tar:7    | Killed Ereshkigal
 41325 | Tar:7    | Got a bone rune of Zot
 41359 | Tar:7    | Identified the staff of earth "Vaekhec" {Str+4}
 41474 | Hell     | Found a gateway to the ashen valley of Gehenna.
 41484 | Geh:1    | Entered Level 1 of Gehenna
 41686 | Geh:2    | Reached skill level 15 in Stealth
 41707 | Geh:2    | Found a runed translucent gate.
 41707 | Geh:2    | Found a runed translucent gate.
 41709 | Geh:2    | Found a runed translucent gate.
 41709 | Geh:2    | Found a runed translucent gate.
 41709 | Geh:2    | Found a runed translucent gate.
 41711 | Geh:2    | Found a runed translucent gate.
 41711 | Geh:2    | Found a runed translucent gate.
 41711 | Geh:2    | Found a runed translucent gate.
 41713 | Geh:2    | Found a runed translucent gate.
 41713 | Geh:2    | Found a runed translucent gate.
 41713 | Geh:2    | Found a runed translucent gate.
 41713 | Geh:2    | Found a runed translucent gate.
 41873 | Geh:2    | HP: 7/204 [spore (22)]
 41873 | Geh:2    | Killed by an exploding creeping inferno

Illustrated notes

Levels and vault maps discovered:
D:1:      psy_arrival_terrarium, layout_basic
D:2:      layout_basic, basic_altar, serial_bayou_pond_a, glass_columns_a,
          uniq_jessica
D:3:      layout_basic, minivault_25
D:4:      layout_gridville, portal_sewer_entry_a, serial_shops,
          nicolae_shop_bloodbath_and_beyond, item_on_display_a
D:5:      layout_loops_cross, lemuel_tele_altar,
          nicolae_hepliaklqana_hippocampus, minmay_temple_entry_mist,
          guppyfry_early_lair_pool, uniq_crazy_yiuf_cottage
D:6:      layout_cave_pools, nicolae_tso_carved_into_rock,
          dreamdust_mushroom_princess, ebering_dispersal_statue_hall
D:7:      layout_basic, trog_wizard, enter_bailey_5, uniq_prince_ribbit1,
          uniq_joseph
D:8:      minmay_the_grid_octo_2x2 [minmay_the_grid_octo_tetromino_candy,
          minmay_the_grid_octo_fan_narrow, minmay_the_grid_octo_odd_swirl,
          minmay_the_grid_octo_prize_square_snowflake], layout_layer_cave,
          nicolae_gozag_seed_capital
D:9:      layout_grid_maze
D:10:     layout_basic, elyvilon_altar_5, uniq_amaemon, uniq_sonja, uniq_maggie,
          uniq_maurice
D:11:     layout_loops_ring, erik_lair_orcish_takeover, erik_orc_1,
          serial_shops, nicolae_shop_stone, gauntlet_entry_generic,
          nicolae_uskayaw_suspiria
D:12:     layout_basic, serial_shops, nicolae_square_shop,
          nicolae_splish_splash, uniq_snorg
D:13:     layout_stronghold, david_vaults_4
D:14:     layout_loops_cross, kennysheep_minor_cross
D:15:     grunt_enter_depths_hoard, layout_rooms, minivault_19,
          nicolae_ru_sacrificial_ziggurat
Temple:   nicolae_temple_elliptical
Lair:1:   layout_gridlike, lemuel_fruit_fields
Lair:2:   layout_long_grid, elwin_shoals_entry_stream,
          nicolae_snake_entry_squirm, gammafunk_ghost_arena,
          infiniplex_staircase_pool
Lair:3:   layout_misc_corridors, serial_bayou_shore_b, grunt_megastairs_5
Lair:4:   layout_cave_pods, minmay_slime_entry_jelly_boxes, lemuel_fruit_tree,
          infiniplex_staircase_pool_2, uniq_rupert
Lair:5:   grunt_lair_end_beastmaster, layout_long_grid
Shoals:1: layout_shoals, gammafunk_ghost_split
Shoals:2: layout_shoals, nicolae_shoals_mertower
Shoals:3: layout_shoals, centaur_isle
Shoals:4: shoals_end_simple, layout_shoals, uniq_aizul
Snake:1:  layout_misc_corridors
Snake:2:  layout_basic, basic_altar, serial_shops, shop_statue,
          portal_ice_cave_entry_pillars_1, nicolae_snake_ghostly_warrior_ritual
Snake:3:  layout_misc_corridors
Snake:4:  grunt_snake_rune_spirals, layout_concentric_octagons, uniq_vashnia,
          uniq_asterion, uniq_mlioglotl, uniq_louise
Slime:1:  layout_caves, nicolae_slime_getting_an_eyeful
Slime:2:  layout_caves, nicolae_slime_barrier
Slime:3:  layout_caves
Slime:4:  layout_caves, basic_altar
Slime:5
Orc:1:    hellmonk_paralyzer, layout_caves, enter_volcano_2, abandoned_shop,
          nicolae_orc_damp_corner
Orc:2:    st_orc_ogre_mass, layout_caves, serial_shops,
          nicolae_shop_getting_attention, uniq_saint_roka, uniq_jorgrun
Elf:1:    layout_geoelf_grid, serial_shops, shop, shop,
          nicolae_shop_gaudy_bauble, shop,
          nicolae_shop_competitors_out_of_business, hangedman_elf_represent,
          grunt_megastairs_3
Elf:2:    elven_hall_of_blades_hangedman_alternative [grunt_blade_entry_basic],
          layout_gridlike, serial_shops, shop, minmay_misc_feat_diagonals,
          lemuel_elevator, uniq_azrael
Elf:3:    minmay_elf_hall_furrowed, layout_gridlike
Vaults:1: v_misc_17, grunt_vaults_twisty, v_misc_17, grunt_tower_of_power,
          nicolae_vaults_oval_intersection, ontoclasm_vaults_pinch,
          nicolae_vaults_wine_cellar, vaults_room_grunt_arrival_checkpoint,
          nicolae_vaults_tangram_1, nicolae_vaults_tetromino_Z_1, v_pattern_3,
          v_misc_11, nicolae_vaults_asterisk, layout_vaults_omnicross,
          serial_shops, nicolae_shop_hallway_stairs, uniq_zenata
Vaults:2: ontoclasm_vaults_tryst, v_alt_pattern_1, nicolae_vaults_shock_wave,
          vaults_room_pool, nicolae_vaults_meiosis,
          nicolae_vaults_border_crossing, v_misc_28, v_alt_pattern_2, v_misc_18,
          layout_vaults_maze, serial_shops, nicolae_shop_back_alley_shop,
          uniq_margery
Vaults:3: nicolae_vaults_layer_cake_slice, v_misc_19,
          minmay_crypt_entry_simple_plaza, nicolae_vaults_tetromino_T_1,
          ontoclasm_vaults_twist, nicolae_vaults_taking_the_gang_shopping,
          nicolae_vaults_bisected_slash, nicolae_vaults_turnstiles,
          nicolae_vaults_cornered_office, nicolae_vaults_specimen_jars,
          grunt_vaults_bifocal, nicolae_vaults_six-pack, vaults_room_pools,
          nicolae_vaults_weapon_check, layout_vaults_omnibox
Vaults:4: infiniplex_enter_wizlab_glasses, nicolae_vaults_heart-shaped_vault,
          v_misc_22, nicolae_vaults_tetromino_T_1, nicolae_vaults_asterisk,
          nicolae_vaults_little_ls, nicolae_vaults_mini_display_case,
          layout_vaults_omnigrid
Vaults:5: serial_shops
Depths:1: layout_twisted_cross, led_sif_pool, grunt_hell_horde,
          minmay_misc_feat_x, minmay_statues_item, kennysheep_generic_room_15
Depths:2: minmay_octo_star, layout_cave_pools, hell_entry,
          kennysheep_small_spiral, grunt_pan_entry_zigzag, serial_bayou_shore_b
Depths:3: gammafunk_depths_water_palace, layout_cave_shapes, enter_ziggurat_e,
          serial_shops, shop, hell_entry, marbit_kobold_abyss_entry,
          uniq_frederick, uniq_vv
Depths:4: evilmike_zot_entry_argh, layout_cave_pools, pf_hell_entry_great_geh,
          minmay_misc_feat_square, abyss_entry_crystal, rand_demon_pan_entry_7,
          nicolae_wu_jian_wuxing_cycle, uniq_boris
Hell
Geh:1:    layout_gehenna_pools_basic
Geh:2:    layout_gehenna_lava_caves, nicolae_geh_backdraft
Tar:1:    layout_cathedral_of_symmetry
Tar:2:    layout_cathedral_of_symmetry
Tar:3:    layout_cathedral_of_symmetry, lemuel_nasty_pond
Tar:4:    layout_cathedral_of_symmetry, nicolae_tar_cuneiform_bread
Tar:5:    layout_grid_maze, door_vault
Tar:6:    layout_grid_maze, nicolae_tar_cuneiform_heaven,
          nicolae_tar_cuneiform_to_be
Tar:7:    tar_grunt_cathedral

Skill      XL: |  1  2  3  4  5  6  7  8  9 10 11 12 13 14 15 16 17 18 19 20 21 22 23 24 25 26 27 |
---------------+----------------------------------------------------------------------------------+-----
Conjurations   | 1 2 5 |  5.2
Hexes          | 2 3 4 7 8 12 15 16 | 16.1
Fighting       | 1 2 3 5 6 7 8 11 14 | 14.1
Dodging        | 3 5 6 7 9 10 11 | 11.6
Evocations     | 1 2 3 5 9 12 | 12.0
Spellcasting   | 4 6 8 9 11 12 13 15 19 22 23 24 25 26 | 26.6
Translocations | 2 |  2.6
Short Blades   | 3 4 7 8 9 |  9.7
Stealth        | 6 8 11 14 15 | 15.3
Ice Magic      | 1 6 7 11 14 15 16 19 | 19.7
Necromancy     | 4 7 8 12 14 18 | 18.3
Transmutations | 5 8 |  8.0
Shields        | 3 |  3.4
Summonings     | 3 20 | 20.5

Action                     |  1- 3 |  4- 6 |  7- 9 | 10-12 | 13-15 | 16-18 | 19-21 | 22-24 | 25-27 || total
---------------------------+-------+-------+-------+-------+-------+-------+-------+-------+-------++-------
  Melee: Spear             |    13 |       |       |       |       |       |       |       |       ||    13
         Dagger            |    30 |       |       |       |       |       |       |       |       ||    30
         Bite              |     8 |    22 |    19 |   100 |   168 |    57 |    56 |    74 |   172 ||   676
         Short sword       |    26 |   176 |   241 |   715 |  1076 |   314 |   215 |       |       ||  2763
         Punch             |       |     2 |     2 |       |       |       |       |       |       ||     4
         Knife             |       |       |       |       |       |       |   123 |   375 |   905 ||  1403
         Headbutt          |       |       |       |       |       |       |       |       |    40 ||    40
  Throw: Dart              |       |       |       |     2 |       |       |       |       |       ||     2
         Throwing net      |       |       |       |     3 |       |       |       |       |     1 ||     4
   Cast: Magic Dart        |    10 |    37 |    52 |    64 |    29 |       |       |       |       ||   192
         Call Imp          |       |       |    13 |     9 |     1 |       |       |       |       ||    23
         Confusing Touch   |       |       |     5 |    38 |       |       |       |       |       ||    43
         Blink             |       |       |     2 |     4 |     1 |     2 |     2 |     1 |    12 ||    24
         Enfeeble          |       |       |       |    13 |    67 |     5 |    32 |   116 |   314 ||   547
         Frozen Ramparts   |       |       |       |       |    18 |       |       |       |       ||    18
         Ozocubu's Refrige |       |       |       |       |    15 |    69 |   100 |    27 |    27 ||   238
         Summon Mana Viper |       |       |       |       |    11 |    11 |     7 |     5 |       ||    34
         Simulacrum        |       |       |       |       |       |   172 |    40 |       |       ||   212
         Irradiate         |       |       |       |       |       |     3 |    52 |    47 |   113 ||   215
         Freezing Cloud    |       |       |       |       |       |     9 |     9 |     2 |     2 ||    22
         Infestation       |       |       |       |       |       |       |    41 |    48 |    51 ||   140
         Passage of Golubr |       |       |       |       |       |       |     2 |     2 |   144 ||   148
         Polar Vortex      |       |       |       |       |       |       |       |       |    89 ||    89
         Summon Horrible T |       |       |       |       |       |       |       |       |    26 ||    26
         Passwall          |       |       |       |       |       |       |       |       |     3 ||     3
         Discord           |       |       |       |       |       |       |       |       |     2 ||     2
         Dragon's Call     |       |       |       |       |       |       |       |       |     2 ||     2
 Invoke: Curse Item        |       |       |     1 |     4 |     3 |     1 |     1 |     2 |     4 ||    16
         Shatter the Chain |       |       |       |     1 |       |     1 |     2 |     1 |     2 ||     7
  Evoke: Wand              |       |       |     2 |     4 |     1 |     5 |    11 |     5 |    17 ||    45
         Phantom mirror    |       |       |       |     2 |     1 |       |     1 |     1 |       ||     5
         Phial of floods   |       |       |       |       |       |     1 |     1 |     1 |       ||     3
    Use: Scroll            |     3 |     5 |     3 |     8 |     5 |     4 |     7 |     8 |    28 ||    71
         Potion            |       |       |     2 |     2 |     2 |     1 |     2 |     7 |    45 ||    61
   Stab: Sleeping          |     9 |     5 |     1 |    12 |    31 |     3 |    28 |    23 |    29 ||   141
         Distracted        |       |       |     1 |     2 |     5 |     7 |     6 |    14 |    17 ||    52
         Petrified         |       |       |       |     3 |       |       |       |       |       ||     3
         Confused          |       |       |       |    26 |     1 |       |       |       |       ||    27
         Petrifying        |       |       |       |     1 |       |       |       |       |     1 ||     2
         Invisible         |       |       |       |    14 |    58 |       |    21 |   104 |   197 ||   394
         Held in net/web   |       |       |       |     1 |       |       |       |       |     1 ||     2
 Armour: Robe              |     9 |     5 |       |       |       |       |       |       |       ||    14
         Leather armour    |       |    25 |    73 |   203 |   189 |       |       |       |       ||   490
         Skin              |       |       |    34 |     7 |       |       |       |       |       ||    41
         Troll leather arm |       |       |       |       |       |   107 |   109 |    61 |   386 ||   663
  Dodge: Dodged            |    34 |   100 |   144 |   432 |   686 |   415 |   380 |   408 |  1277 ||  3876
  Block: Buckler           |       |       |    22 |   100 |   154 |    90 |    59 |    66 |   520 ||  1011
